 Dungeon Crawl Stone Soup version 0.24.0-37-gcf1ca852f1 (webtiles) character file.

Game seed: 13417047914143691876, levelgen mode: deterministic

48944 grimjagger06 the Severer (level 14, -2/193 HPs)
             Began as a Minotaur Berserker on Nov 27, 2019.
             Was the Champion of Trog.
             Splashed with acid (3 damage)
             ... on level 1 of the Pits of Slime.
             The game lasted 03:25:25 (16517 turns).

grimjagger06 the Severer (Minotaur Berserker)      Turns: 16517, Time: 03:25:26

Health: -2/193     AC: 30    Str: 37    XL:     14   Next: 14%
Magic:  11/13      EV: 11    Int:  4    God:    Trog [******]
Gold:   915        SH: 17    Dex: 13    Spells: 13/13 levels left

rFire    + + +     SeeInvis .   k - +9 morningstar "Ogrebane" {flame, rF+}
rCold    . . .     Gourm    .   S - +2 large shield {rN+}
rNeg     + + +     Faith    +   b - +4 chain mail {rPois}
rPois    +         Spirit   .   (helmet restricted)
rElec    .         Reflect  .   Y - +2 cloak "Tinaryj" {rF++ rN+}
rCorr    +         Harm     .   A - +0 pair of gloves of the Valley of Death {Str+5}
MR       ++...                  a - +1 pair of boots {run}
Stlth    ..........             l - amulet of faith
HPRegen  0.42/turn              j - ring "Xamm" {rPois AC+6}
MPRegen  0.13/turn              i - ring "Alupim" {rN+ MR+ rCorr Str+3}

@: berserking (expiring), very quick
A: retaliatory headbutt, horns 2
a: Berserk, Trog's Hand, Brothers in Arms, Renounce Religion


You were on level 1 of the Pits of Slime.
You worshipped Trog.
Trog was exalted by your worship.
You were not hungry.

You visited 4 branches of the dungeon, and saw 18 of its levels.
You also visited: Gauntlet.

You collected 915 gold pieces.

Inventory:

Hand Weapons
 k - the +9 morningstar "Ogrebane" (weapon) {flame, rF+}
   (You found it on level 4 of the Lair of Beasts)

   It has been specially enchanted to burn those struck by it, causing extra
   injury to most foes and up to half again as much damage against particularly
   susceptible opponents.
   It protects you from fire.
 F - a +3 battleaxe of freezing
 O - a +3 executioner's axe of venom
 R - a +2 antimagic battleaxe
Missiles
 N - 23 javelins (quivered)
 P - 6 silver javelins
Armour
 a - a +1 pair of boots of running (worn)
 b - a +4 chain mail of poison resistance (worn)
 g - a +0 plate armour of fire resistance
 A - the +0 pair of gloves of the Valley of Death (worn) {Str+5}
   (You acquired it in a Gauntlet)

   It affects your strength (+5).
 C - +1 ice dragon scales
 J - the +0 cloak of Mawoapp {rF- rC++ Str+2 Slay+3}
   (You found it in a Gauntlet)

   It affects your strength (+2).
   It affects your accuracy and damage with ranged weapons and melee attacks
   (+3).
   It makes you vulnerable to fire.
   It greatly protects you from cold.
 S - a +2 large shield of positive energy (worn)
 Y - the +2 cloak "Tinaryj" (worn) {rF++ rN+}
   (You found it in a Gauntlet)

   It greatly protects you from fire.
   It protects you from negative energy.
Jewellery
 i - the ring "Alupim" (right hand) {rN+ MR+ rCorr Str+3}
   (You acquired it in a Gauntlet)

   [ring of resist corrosion]

   It affects your strength (+3).
   It protects you from negative energy.
   It affects your resistance to hostile enchantments.
   It provides partial protection from all sources of acid and corrosion.
 j - the ring "Xamm" (left hand) {rPois AC+6}
   (You found it on level 8 of the Dungeon)

   [ring of protection]

   It affects your AC (+6).
   It protects you from poison.
 l - an amulet of faith (around neck)
 q - a +3 ring of evasion
 D - a +2 ring of intelligence
 W - the cursed ring of Dateceiw {rN+ Slay-2, unknown}
   (You found it on level 6 of the Lair of Beasts)

   [ring of slaying]

   It affects your accuracy and damage with ranged weapons and melee attacks
   (-2).
   It protects you from negative energy.
   It has a curse placed upon it.
Wands
 u - a wand of iceblast (11)
 x - a wand of paralysis (12)
 H - a wand of scattershot (2)
 I - a wand of enslavement (9)
 L - a wand of acid (20)
 M - a wand of flame (17)
 X - a wand of polymorph (6)
Scrolls
 f - 12 scrolls of remove curse
 h - 11 scrolls of teleportation
 n - 5 scrolls of fear
 p - 2 scrolls of identify
 r - 2 scrolls of enchant armour
 v - a scroll of immolation {unknown}
 y - 2 scrolls of amnesia
 E - a scroll of blinking
 G - 3 scrolls of magic mapping
 Q - a scroll of silence
 T - 4 scrolls of enchant weapon
 U - 2 scrolls of brand weapon {unknown}
 V - a scroll of holy word
Potions
 d - 3 potions of curing
 m - a potion of mutation {unknown}
 o - 3 potions of haste
 s - 2 potions of berserk rage {unknown}
 t - a potion of heal wounds
 w - 2 potions of degeneration
 z - a potion of agility
 B - a potion of might
 K - a potion of resistance {unknown}
 Z - a potion of cancellation {unknown}
Miscellaneous
 e - a lightning rod (4/4)
Comestibles
 c - 29 rations


   Skills:
 + Level 13.2 Fighting
 * Level 17.5(17.9) Axes
 + Level 6.4(13.2) Maces & Flails
 + Level 13.0 Armour
 + Level 12.0 Dodging
 - Level 0.1 Stealth


You had 13 spell levels left.
You didn't know any spells.
Your spell library contained the following spells:

 Spells                   Type           Power        Failure   Level  Hunger
 Corona                   Hex            #......      100%        1    ##.....
 Pain                     Necr           #...         100%        1    ##.....
 Shock                    Conj/Air       #...         100%        1    ##.....
 Slow                     Hex            #.......     100%        2    ###....
 Sublimation of Blood     Necr           #.........   100%        2    ###....
 Swiftness                Chrm/Air       #.......     100%        2    ###....
 Inner Flame              Hex/Fire       #.......     100%        3    ####...
 Portal Projectile        Hex/Tloc       #.....       100%        3    ####...
 Static Discharge         Conj/Air       #.......     100%        3    ####...
 Airstrike                Air            #.........   100%        4    #####..
 Cause Fear               Hex            #.........   100%        4    #####..
 Leda's Liquefaction      Hex/Erth       #.........   100%        4    #####..
 Bolt of Magma            Conj/Fire/Erth #.........   100%        5    ######.
 Iskenderun's Battlesphe  Conj/Chrm      #.......     100%        5    ######.
 Lightning Bolt           Conj/Air       #.........   100%        5    ######.
 Venom Bolt               Conj/Pois      #.........   100%        5    ######.
 Death Channel            Necr           #.........   100%        6    #######
 Iron Shot                Conj/Erth      #.........   100%        6    #######
 Orb of Destruction       Conj           #.........   100%        7    #######
 Spellforged Servitor     Conj/Summ      #.........   100%        7    #######


Dungeon Overview and Level Annotations

Branches:
Dungeon (10/15)            Temple (1/1) D:5            Lair (6/6) D:10
 Shoals (0/4) Lair:4        Snake (0/4) Lair:4        Slime (1/5) Lair:6
Gauntlet (visited)
    Orc: D:9-12

Altars:
Dithmenos
Elyvilon
Fedhas
Gozag
Hepliaklqana
Kikubaaqudgha
Makhleb
Nemelex Xobeh
Okawaru
Qazlal
Ru
Sif Muna
Trog
Uskayaw
Vehumet
Wu Jian
Yredelemnul
Zin
The Shining One
Jiyva

Shops:
D:6 ?   D:7 =   D:10 %*%


Innate Abilities, Weirdness & Mutations

You reflexively headbutt those who attack you in melee.
You have a pair of horns on your head.


Message History

* * * LOW HITPOINT WARNING * * *
The slime creature hits you but does no damage.
You are too berserk!
You impale the slime creature!! You burn the slime creature!
You kill the slime creature!
Trog accepts your kill.
You are splashed with acid!
You resist.
* * * LOW HITPOINT WARNING * * *
A large slime creature splits. 2 slime creatures and an eye of draining come into view.
You are splashed with acid!
You resist.
* * * LOW HITPOINT WARNING * * *
The slime creature quivers.
The eye of draining gazes at you.
You feel your power leaking away.
An acid blob comes into view.
Two slime creatures merge to form a large slime creature.
You feel a strong urge to attack something.
You are splashed with acid.
You resist.
You die...

.......#..#..#.
.J.............
......#....#...#
...J....#...#..#
.....J.....G....#
................#
................##
........J.##.@...#
..........#J#.....#
...#.......J.......#
..........#.......##
..........##.....##
.........####....#
#....#....##.#...#
.#.. #....#...#.##
.. ##........##


You could see a large slime creature, 2 slime creatures and an eye of draining.

Vanquished Creatures
  A minotaur (Gauntlet)
  The ghost of Iamsoldier the Thaumaturge, a journeyman GnSk of Cheibriados (Lair:1)
  A great orb of eyes (Slime:1)
  5 hydras
  A queen ant (Lair:3)
  4 sixfirhies (Gauntlet)
  Pikel (D:9)
  A wolf spider (Lair:6)
  An oklob plant (D:6)
  A manticore (Lair:4)
  16 elephants
  9 black mambas
  A guardian serpent (Lair:6)
  17 spiny frogs
  2 rime drakes
  A queen bee (Lair:1)
  2 polar bears
  A troll (D:10)
  7 hornets
  3 slime creatures (Slime:1)
  8 blink frogs
  11 hippogriffs
  A blink frog (shapeshifter) (Gauntlet)
  Prince Ribbit (D:5)
  Sigmund (D:2)
  11 wyverns
  2 redbacks (Lair:6)
  A basilisk (Lair:5)
  17 yaks
  2 hungry ghosts
  6 soldier ants
  Edmund (D:5)
  4 nagas (Lair:4)
  27 water moccasins
  Duvessa (D:7)
  9 porcupines
  An ice beast (D:10)
  4 slaves (D:9)
  2 sky beasts
  4 necrophages
  2 orc warriors (D:9)
  An eye of draining (D:10)
  5 ogres
  2 black bears
  2 phantoms
  8 centaurs
  5 crocodiles
  10 wolves
  Blork the orc (D:5)
  A big kobold (D:10)
  13 bullfrogs
  Dowan (D:7)
  2 wyvern zombies
  A water moccasin skeleton (D:9)
  3 scorpions
  18 killer bees
  6 wights
  3 electric eels (D:10)
  3 howler monkeys (D:8)
  3 crimson imps
  3 centaur zombies
  10 hounds
  2 orc priests
  A jelly (D:8)
  2 centaur skeletons
  2 bullfrog skeletons
  6 orc wizards
  3 iguanas
  Natasha (thrice) (D:2)
  Terence (D:2)
  37 worker ants
  2 hound zombies
  A mummy (D:7)
  3 worker ant zombies
  Robin (D:3)
  4 gnolls (D:8)
  2 howler monkey zombies (D:7)
  A howler monkey skeleton (D:9)
  11 adders
  4 shadow imps
  3 ufetubi (Gauntlet)
  2 oozes
  3 adder skeletons
  2 adder zombies
  2 dart slugs
  A worm (D:3)
  6 leopard geckos
  28 orcs
  A ball python (D:3)
  6 bats
  7 giant cockroaches
  13 hobgoblins
  2 jackals (D:1)
  6 quokkas
  A ball python skeleton (D:5)
  6 frilled lizards
  14 goblins
  16 kobolds
  A quokka skeleton (D:5)
  8 rats
  2 fungi
  4 plants
513 creatures vanquished.

Vanquished Creatures (others)
  4 fungi
  4 plants (Lair:6)
8 creatures vanquished.

Grand Total: 521 creatures vanquished

Notes
Turn   | Place    | Note
-------+----------+-------------------------------------------
     0 | D:1      | grimjagger06 the Minotaur Berserker began the quest for the
                  | Orb.
     0 | D:1      | Reached XP level 1. HP: 19/19 MP: 0/0
    98 | D:1      | Reached skill level 4 in Axes
   219 | D:1      | Reached XP level 2. HP: 19/26 MP: 1/1
   553 | D:1      | Reached ** piety under Trog
   842 | D:2      | Reached XP level 3. HP: 27/33 MP: 2/2
   879 | D:2      | Noticed Natasha
   896 | D:2      | Killed Natasha
   896 | D:2      | Reached skill level 5 in Axes
   932 | D:2      | Reached XP level 4. HP: 40/40 MP: 3/3
  1040 | D:2      | Noticed Terence
  1047 | D:2      | Killed Terence
  1151 | D:2      | Noticed Sigmund
  1182 | D:2      | Killed Sigmund
  1182 | D:2      | Reached skill level 6 in Axes
  1182 | D:2      | Reached XP level 5. HP: 18/47 MP: 4/4
  1400 | D:2      | Noticed Natasha
  1406 | D:2      | Killed Natasha
  1406 | D:2      | Reached XP level 6. HP: 51/53 MP: 5/5
  1412 | D:2      | Noticed Natasha
  1424 | D:2      | Killed Natasha
  1424 | D:2      | Reached *** piety under Trog
  1635 | D:3      | Found a basalt altar of Yredelemnul.
  1891 | D:3      | Noticed Robin
  1899 | D:3      | Killed Robin
  2077 | D:3      | Reached **** piety under Trog
  2083 | D:3      | Reached skill level 5 in Fighting
  2328 | D:4      | Reached skill level 7 in Axes
  2365 | D:4      | Found a hide-covered altar of Uskayaw.
  2375 | D:4      | Reached XP level 7. HP: 47/61 MP: 6/6
  2823 | D:5      | Entered Level 5 of the Dungeon
  2839 | D:5      | Found an iron altar of Okawaru.
  2840 | D:5      | Found a shadowy altar of Dithmenos.
  2842 | D:5      | Found a white marble altar of Elyvilon.
  2844 | D:5      | Noticed Prince Ribbit
  2845 | D:5      | Found a staircase to the Ecumenical Temple.
  2846 | D:5      | Found an ornate altar of the Wu Jian Council.
  2854 | D:5      | Killed Prince Ribbit
  2854 | D:5      | Reached skill level 5 in Armour
  2857 | D:5      | Noticed Edmund
  2872 | D:5      | Killed Edmund
  2872 | D:5      | Reached skill level 8 in Axes
  2909 | D:5      | Found a sacrificial altar of Ru.
  2972 | D:5      | Reached XP level 8. HP: 66/70 MP: 7/7
  2989 | D:5      | Noticed Blork the orc
  2998 | D:5      | Killed Blork the orc
  3076 | D:5      | Reached skill level 5 in Dodging
  3603 | Temple   | Entered the Ecumenical Temple
  3835 | D:6      | Reached skill level 9 in Axes
  4072 | D:6      | Reached ***** piety under Trog
  4318 | D:6      | Found Geso's Magic Scroll Emporium.
  4379 | D:6      | Found an ancient bone altar of Kikubaaqudgha.
  4379 | D:6      | Noticed an oklob plant
  4387 | D:6      | Killed an oklob plant
  4387 | D:6      | Reached XP level 9. HP: 40/79 MP: 8/8
  4768 | D:7      | Reached skill level 10 in Axes
  4823 | D:7      | Found a white marble altar of Elyvilon.
  4902 | D:7      | Found Sayt's Jewellery Shoppe.
  5168 | D:7      | Noticed Duvessa
  5174 | D:7      | Noticed Dowan
  5179 | D:7      | Killed Duvessa
  5186 | D:7      | Killed Dowan
  5186 | D:7      | Reached skill level 11 in Axes
  5532 | D:8      | Reached XP level 10. HP: 88/89 MP: 9/9
  5952 | D:8      | Received a gift from Trog
  6029 | D:8      | Got a faintly glowing lead ring
  6094 | D:8      | Identified the ring "Xamm" {rPois AC+6} (You found it on
                  | level 8 of the Dungeon)
  6543 | D:9      | Reached skill level 12 in Axes
  6643 | D:9      | Received a gift from Trog
  7104 | D:9      | Noticed Pikel
  7113 | D:9      | Killed Pikel
  7554 | D:10     | Entered Level 10 of the Dungeon
  7626 | D:10     | Reached skill level 13 in Axes
  7639 | D:10     | HP: 3/92 [electric eel/bolt of electricity (8)]
  7649 | D:10     | Reached XP level 11. HP: 9/99 MP: 10/10
  8288 | D:10     | Found Uxumurchargh's Food Boutique.
  8421 | D:10     | Found Cutu's Food Shoppe.
  8509 | D:10     | Found Vohifol's Assorted Antiques.
  8556 | D:10     | Received a gift from Trog
  8647 | D:10     | Found a staircase to the Lair.
  8790 | D:10     | Reached skill level 10 in Fighting
  8796 | D:10     | Reached ****** piety under Trog
  8931 | Lair:1   | Entered Level 1 of the Lair of Beasts
  9134 | Lair:1   | Received a gift from Trog
  9260 | Lair:1   | Noticed Iamsoldier's ghost (journeyman GnSk)
  9265 | Lair:1   | Found a transporter.
  9269 | Lair:1   | Found a transporter.
  9475 | Lair:1   | Reached skill level 10 in Armour
  9488 | Lair:1   | Killed Iamsoldier's ghost
  9488 | Lair:1   | Reached skill level 14 in Axes
  9742 | Lair:2   | Found an ancient bone altar of Kikubaaqudgha.
 10775 | Lair:3   | Reached XP level 12. HP: 91/109 MP: 11/11
 10843 | Lair:3   | Received a gift from Trog
 10955 | Lair:3   | Reached skill level 10 in Dodging
 11196 | Lair:3   | Reached skill level 15 in Axes
 11384 | Lair:3   | Noticed a queen ant
 11399 | Lair:3   | Killed a queen ant
 11809 | Lair:4   | Found a staircase to the Snake Pit.
 12217 | Lair:4   | Noticed a six-headed hydra
 12229 | Lair:4   | Killed a seven-headed hydra
 12280 | Lair:4   | Found a staircase to the Shoals.
 12684 | Lair:4   | Got a pitted morningstar
 12685 | Lair:4   | Identified the +9 morningstar "Ogrebane" {flame, rF+} (You
                  | found it on level 4 of the Lair of Beasts)
 12741 | Lair:4   | Reached skill level 1 in Maces & Flails
 12756 | Lair:4   | Received a gift from Trog
 13244 | Lair:5   | Found a gate leading to a gauntlet.
 13263 | Gauntlet | Entered a Gauntlet
 13263 | Gauntlet | Found a transporter.
 13263 | Gauntlet | Found a runed translucent gate.
 13263 | Gauntlet | Found a transporter.
 13278 | Gauntlet | Found a transporter.
 13278 | Gauntlet | Found a transporter.
 13280 | Gauntlet | Found a runed translucent gate.
 13280 | Gauntlet | Found a transporter.
 13280 | Gauntlet | Found a transporter.
 13290 | Gauntlet | Found a runed translucent gate.
 13310 | Gauntlet | Found a transporter.
 13314 | Gauntlet | Found a transporter.
 13314 | Gauntlet | Found a transporter.
 13315 | Gauntlet | Found a transporter.
 13337 | Gauntlet | Reached skill level 16 in Axes
 13362 | Gauntlet | Found a transporter.
 13365 | Gauntlet | Found a transporter.
 13394 | Gauntlet | Reached XP level 13. HP: 98/118 MP: 12/12
 13428 | Gauntlet | Got a bloodstained cloak
 13438 | Gauntlet | Identified the +2 cloak "Tinaryj" {rF++ rN+} (You found it
                  | in a Gauntlet)
 13455 | Gauntlet | Noticed a minotaur
 13477 | Gauntlet | Killed a minotaur
 13552 | Gauntlet | Identified Wezan's Handbook of Unholy Secrets
 13564 | Gauntlet | Identified a +1 pair of boots of running (You found it in a
                  | Gauntlet)
 13582 | Gauntlet | Identified 2 scrolls of acquirement
 13583 | Gauntlet | Got a pair of fine gloves
 13594 | Gauntlet | Identified the +0 pair of gloves of the Valley of Death
                  | {Str+5} (You acquired it in a Gauntlet)
 13609 | Gauntlet | Got a twisted cloak
 13643 | Gauntlet | Identified the +0 cloak of Mawoapp {rF- rC++ Str+2 Slay+3}
                  | (You found it in a Gauntlet)
 13736 | Gauntlet | Got a transparent bone ring
 13738 | Gauntlet | Identified the ring "Alupim" {rN+ MR+ rCorr Str+3} (You
                  | acquired it in a Gauntlet)
 14449 | Lair:6   | Entered Level 6 of the Lair of Beasts
 14931 | Lair:6   | Received a gift from Trog
 14931 | Lair:6   | Reached skill level 5 in Maces & Flails
 14938 | Lair:6   | Reached skill level 17 in Axes
 14995 | Lair:6   | Found a viscous altar of Jiyva.
 14995 | Lair:6   | Found a staircase to the Slime Pits.
 15566 | Lair:6   | Got a shimmering silver ring
 15638 | Lair:6   | Reached XP level 14. HP: 109/129 MP: 13/13
 15981 | Lair:6   | Received a gift from Trog
 16492 | Slime:1  | Entered Level 1 of the Pits of Slime
 16515 | Slime:1  | HP: 7/193 [acid (14)]
 16516 | Slime:1  | HP: 1/193 [acid (7)]
 16516 | Slime:1  | Noticed an acid blob
 16517 | Slime:1  | Splashed with acid

Levels and vault maps discovered:
D:1:      eino_arrival_water_cross, layout_rooms
D:2:      layout_basic, uniq_sigmund, uniq_terence, uniq_natasha
D:3:      layout_basic, old_standard_altar, uniq_robin
D:4:      layout_cave_pools, eat_drink_and_be_merry_uskayaw
D:5:      layout_loops_ring, minitemple, lemuel_crystal_altar,
          minmay_temple_entry_gardened_gates, first_ration, uniq_blork_the_orc,
          uniq_prince_ribbit1, uniq_edmund
D:6:      layout_loops_ring, serial_shops, shop, lemuel_oklob_altar
D:7:      layout_rooms, serial_undead, serial_undead_d, serial_undead_c,
          serial_undead_b, serial_undead_a, serial_undead_b, serial_undead_b,
          serial_undead_c, serial_undead_d, serial_undead_d, serial_undead_b,
          basic_altar, serial_shops, kennysheep_little_box, uniq_duvessa
D:8:      layout_cave_pools, hangedman_pestilent_swarm
D:9:      layout_cave_pods, uniq_pikel
D:10:     layout_rooms, erik_lair_island, serial_shops, kennysheep_mini, shop,
          shop_fountains, eino_jars
Temple:   regret_index_temple_generic_petals
Lair:1:   layout_chaotic_city, gammafunk_ghost_hive
Lair:2:   layout_regular_city, basic_altar, forest_entry_grove
Lair:3:   layout_regular_city, zaba_antful_of_joy, serial_bayou_shore_b,
          infiniplex_staircase_pool_2, grunt_megastairs_2, serial_bayou_shore_b
Lair:4:   layout_regular_city, minmay_shoals_entry_beasts,
          minmay_snake_entry_guardpost_small, grunt_megastairs_3
Lair:5:   layout_concentric_octagons, gauntlet_entry_generic
Lair:6:   hangedman_lair_tendril_chambers, layout_big_grid, slime_altar_1
Slime:1:  layout_caves

Skill      XL: |  1  2  3  4  5  6  7  8  9 10 11 12 13 14 |
---------------+-------------------------------------------+-----
Axes           | 4 5 6 7 8 9 11 13 14 16 17 | 17.5
Armour         | 3 4 5 6 8 9 10 11 12 13 | 13.0
Fighting       | 4 5 7 8 9 11 12 13 | 13.2
Dodging        | 3 4 6 7 8 9 11 12 | 12.0
Maces & Flails | 2 6 |  6.4
Stealth        | |  0.1

Action                   |  1- 3 |  4- 6 |  7- 9 | 10-12 | 13-15 || total
-------------------------+-------+-------+-------+-------+-------++-------
Melee: Hand axe          |    73 |   156 |   235 |    78 |       ||   542
       Headbutt          |    10 |    27 |    64 |    97 |    78 ||   276
       War axe           |       |       |    43 |       |       ||    43
       Executioner's axe |       |       |       |   380 |    10 ||   390
       Battleaxe         |       |       |       |     2 |       ||     2
       Morningstar       |       |       |       |    44 |   264 ||   308
Throw: Stone             |    15 |       |       |       |       ||    15
       Javelin           |       |       |       |     1 |       ||     1
Invok: Berserk           |       |     6 |    12 |    15 |     4 ||    37
       Trog's Hand       |       |     1 |       |     1 |       ||     2
       Brothers in Arms  |       |       |     1 |       |       ||     1
Evoke: Wand              |       |     2 |     4 |    13 |       ||    19
  Use: Scroll            |       |     4 |     4 |     6 |     9 ||    23
       Potion            |       |     1 |       |     5 |     1 ||     7
  Eat: Chunk             |    10 |     2 |    10 |    19 |     4 ||    45
       Ration            |       |       |     3 |     9 |     2 ||    14
Armor: Ring mail         |    27 |     2 |       |    10 |       ||    39
       Animal skin       |     1 |       |       |       |       ||     1
       Chain mail        |       |    84 |   136 |   279 |   184 ||   683
       Skin              |       |       |       |    33 |       ||    33
Dodge: Dodged            |    41 |    55 |   147 |   426 |   128 ||   797
Block: Large shield      |       |       |       |       |   267 ||   267
